 Dungeon Crawl Stone Soup version 0.26-a0-667-g92642533e4 (webtiles) character file.

Game seed: 6922598013447701011

48 DogServant the Ruffian (level 3, -4/31 HPs)
             Began as a Naga Transmuter on Oct 18, 2020.
             Slain by Crazy Yiuf
             ... wielding a +2 quarterstaff of chaos
              (12 damage)
             ... on level 2 of the Dungeon.
             The game lasted 00:02:05 (2387 turns).

DogServant the Ruffian (Naga Transmuter)            Turns: 2387, Time: 00:02:06

Health: -4/31      AC:  2    Str: 13    XL:     3   Next: 72%
Magic:  3/6        EV: 19    Int: 13    God:
Gold:   103        SH:  0    Dex: 16    Spells: 2/6 levels left

rFire    . . .     SeeInvis +     - Unarmed
rCold    + . .     Faith    .   (shield currently unavailable)
rNeg     . . .     Spirit   .   (armour currently unavailable)
rPois    x         Reflect  .   (helmet currently unavailable)
rElec    .         Harm     .   (cloak currently unavailable)
rCorr    .         Rampage  .   (gloves currently unavailable)
MR       .....                  (no barding)
Stlth    +.........             (no amulet)
HPRegen  0.10/turn              f - ring of protection from cold
MPRegen  0.10/turn              (no ring)

@: spider-form (expiring)
A: tiny, see invisible, spit poison 1, AC +1
a: Spit Poison, End Transformation


You were on level 2 of the Dungeon.
You were a venomous arachnid creature.
You visited 1 branch of the dungeon, and saw 2 of its levels.

You collected 103 gold pieces.

Inventory:

Armour
 a - a +0 robe (melded)
Magical Staves
 k - an uncursed staff of conjuration
Jewellery
 f - a ring of protection from cold (left front leg)
Scrolls
 b - 2 scrolls of random uselessness {unknown}
 c - a scroll of remove curse {unknown}
 e - a scroll of noise {unknown}
 g - 5 scrolls of identify {unknown}
 h - a scroll of teleportation {unknown}
Potions
 d - a potion of brilliance {unknown}
 i - 3 potions of curing {unknown}
 j - a potion of degeneration {unknown}


   Skills:
 - Level 1.0 Fighting
 - Level 1.5 Dodging
 + Level 3.8 Unarmed Combat
 - Level 2.0 Spellcasting
 + Level 3.1 Transmutations


You had 2 spell levels left.
You knew the following spells:

 Your Spells              Type           Power        Failure   Level
a - Beastly Appendage     Tmut           #.....       19%         1
b - Spider Form           Tmut/Pois      #.........   61%         3

Your spell library contained the following spells:

 Spells                   Type           Power        Failure   Level
 Wereblood                Tmut           #.......     26%         2
 Ice Form                 Ice/Tmut       #.......     92%         4
 Blade Hands              Tmut           #.........   97%         5


Dungeon Overview and Level Annotations

Branches:
Dungeon (2/15)

Altars:

Annotations:
D:2 Crazy Yiuf


Innate Abilities, Weirdness & Mutations

You cannot wear boots.
((Your serpentine skin is tough. (AC +1)))
You have supernaturally acute eyesight. (SInv)
((Armour fits poorly on your strangely shaped body.))
((Your system is resistant to poisons. (rPois)))
((You cover ground very slowly.))
You can spit poison.


Message History

You turn into a venomous arachnid creature.
Your +0 robe melds into your body.
You open the door. You hit Crazy Yiuf.
Crazy Yiuf is poisoned.
Crazy Yiuf is lightly wounded.
Crazy Yiuf completely misses you.
You hit Crazy Yiuf.
Crazy Yiuf looks as sick as possible!
Crazy Yiuf is moderately wounded.
Your transformation is almost over.
Crazy Yiuf completely misses you.
You hit Crazy Yiuf.
Crazy Yiuf looks as sick as possible!
Crazy Yiuf is heavily wounded.
Crazy Yiuf hits you with a +2 quarterstaff of chaos.
You are electrocuted!!
Ouch! That really hurt!
* * * LOW HITPOINT WARNING * * *
You barely miss Crazy Yiuf.
Crazy Yiuf is heavily wounded.
Crazy Yiuf hits you with a +2 quarterstaff of chaos!
You die...

### ##.# ######(.# .(......##♣♣
### #####......♣♣ ♣♣#..)#
#.......♣♣♣♣sg...#
##.......♣..♣#...#
#######.....♣.♣♣♣ ###
.....#####♣♣♣♣♣ .....####
........# ##########
.....######.....<..############
............###.#..#..........#
.....#####..###.#.............#


You could see Crazy Yiuf (extremely poisoned).

Vanquished Creatures
  An adder (D:2)
  An ooze (D:1)
  A dart slug (D:1)
  2 ball pythons
  3 giant cockroaches
  5 goblins
  3 hobgoblins (D:1)
  4 jackals (D:2)
  3 bats
  A frilled lizard (D:1)
  2 kobolds
  3 rats
29 creatures vanquished.

Notes
Turn   | Place    | Note
-------+----------+-------------------------------------------
     0 | D:1      | DogServant the Naga Transmuter began the quest for the Orb.
     0 | D:1      | Reached XP level 1. HP: 18/18 MP: 3/3
   603 | D:1      | Reached XP level 2. HP: 21/25 MP: 3/5
  1443 | D:2      | Reached XP level 3. HP: 22/31 MP: 6/6
  1817 | D:2      | Found a runed translucent door.
  1818 | D:2      | Noticed Crazy Yiuf
  2382 | D:2      | Learned a level 3 spell: Spider Form
  2387 | D:2      | Slain by Crazy Yiuf

Illustrated notes

Levels and vault maps discovered:
D:1:      lightli_arrival_lavapool, layout_loops_ring
D:2:      layout_rooms, uniq_crazy_yiuf_cottage

Skill      XL: |  1  2  3 |
---------------+----------+-----
Transmutations | 3 |  3.1
Fighting       | |  1.0
Dodging        | |  1.5
Unarmed Combat | |  3.8
Spellcasting   | |  2.0

Action                   || total
-------------------------++-------
Melee: Unarmed           ||    97
       Headbutt          ||     7
 Cast: Beastly Appendage ||     9
       Spider Form       ||     1
 Abil: Spit Poison       ||     5
Armor: Robe              ||    18
Dodge: Dodged            ||    54

Table legend: (Time is in decaauts)
 A = Elapsed time spent in this place.
 B = Non-inter-level travel time spent in this place.
 C = Inter-level travel time spent in this place.
 D = Time resting spent in this place.
 E = Time spent auto-exploring this place.
 F = Levels seen in this place.
 G = Mean time per level.
                   A        B        C        D        E       F      G
               +--------+--------+--------+--------+--------+-----+--------+
         Total |   2808 |   2721 |     87 |    328 |   2175 |   2 | 1404.0 |
       Dungeon |   2808 |   2721 |     87 |    328 |   2175 |   2 | 1404.0 |
               +--------+--------+--------+--------+--------+-----+--------+

Top non-repeatable levels by time:
     D:1: 1579 daAuts
     D:2: 1229 daAuts
